 Dungeon Crawl Stone Soup version 0.31-a0-1370-gf52a5a9ab3 (webtiles) character file.

Game seed: 10991883893612887491

456 MisterAzrael the Ruffian (level 7, -1/43 HPs)
             Began as an Octopode Shapeshifter on Dec 23, 2023.
             Was an Initiate of Gozag.
             Slain by a gnoll
             ... wielding a +0 spear
              (6 damage)
             ... on level 4 of the Dungeon on Dec 24, 2023.
             The game lasted 00:04:48 (3138 turns).

MisterAzrael the Ruffian (Octopode Shapeshifter)    Turns: 3138, Time: 00:04:49

Health: -1/43      AC:  1    Str: 16    XL:     7   Next: 6%
Magic:  7/7        EV: 13    Int: 12    God:    Gozag
Gold:   356        SH:  0    Dex: 11    Spells: 6/6 levels left

rFire   . .          .
                       - Unarmed
rCold   . . .        (no shield)
rNeg    . . .        (helmet currently unavailable)
rPois   .            (no amulet)
rElec   .            (no ring)
rCorr   .            (no ring)
SInv    .            (no ring)
Will    .....        (no ring)
Stlth   ++           (no ring)
HPRegen 0.27/turn    (no ring)
MPRegen 0.10/turn    (no ring)
                     (no ring)

%: no passive effects
@: beast-form, gold aura
A: beast (slay +2), almost no armour, amphibious, 8 rings, camouflage 1,
gelatinous body 1, (nimble swimmer 1), tentacles
a: Begin Untransformation, Renounce Religion, Potion Petition, Call Merchant,
Bribe Branch


You were on level 4 of the Dungeon.
You worshipped Gozag.
Gozag was aware of your devotion.
You were a hulking beast.
You visited 1 branch of the dungeon, and saw 4 of its levels.

You collected 580 gold pieces.
You paid 224 gold pieces to Gozag.

Inventory:

Missiles
 r - 5 poisoned darts
Jewellery
 a - a ring of willpower
Talismans
 b - a beast talisman
 c - a flux talisman
 o - a serpent talisman
Scrolls
 d - 2 scrolls of teleportation {unknown}
 e - 2 scrolls of identify {unknown}
 f - 2 scrolls of silence {unknown}
 g - a scroll of amnesia {unknown}
 i - 2 scrolls of fog {unknown}
 j - a scroll of enchant armour {unknown}
 k - a scroll of immolation {unknown}
 l - a scroll of vulnerability {unknown}
 n - a scroll of noise {unknown}
 s - 2 scrolls of blinking {unknown}
 v - a scroll of revelation {unknown}
Potions
 h - a potion of attraction {unknown}
 m - a potion of cancellation {unknown}
 p - a potion of enlightenment {unknown}
 q - a potion of degeneration {unknown}
 t - a potion of brilliance {unknown}
 u - a potion of might {unknown}


   Skills:
 - Level 1.0 Fighting
 - Level 2.0 Dodging
 + Level 6.4 Unarmed Combat
 * Level 4.8 Shapeshifting


You had 6 spell levels left.
You didn't know any spells.
Your spell library contained the following spells:

 Spells                   Type           Power      Damage    Failure   Level
 Magic Dart               Conj           0%         1d3       32%         1
 Sandblast                Erth           0%         2d4       32%         1
 Passwall                 Alch/Erth      0%         N/A       45%         2
 Searing Ray              Conj           0%         2d4       45%         2
 Call Canine Familiar     Summ           0%         N/A       69%         3
 Sigil of Binding         Hex            0%         N/A       69%         3
 Stone Arrow              Conj/Erth      0%         3d7       69%         3
 Brom's Barrelling Bould  Conj/Erth      0%         2d3       97%         4
 Dimensional Bullseye     Hex/Tloc       0%         N/A       97%         4
 Fulminant Prism          Conj/Alch      0%         3d5       97%         4


Dungeon Overview and Level Annotations

Branches:
Dungeon (4/15)
 Temple: D:4-7

Altars:
Fedhas
Gozag
Xom


Innate Abilities, Weirdness & Mutations

You are a hulking beast.
Your limbs bulge with bestial killing power. (Slay +2)
You cannot wear most types of armour.
You are amphibious.
You can wear up to eight rings at the same time.
Your skin changes colour to match your surroundings (Stealth+).
Your rubbery body absorbs attacks. (AC +1, EV +1)
((You are camouflaged when in or above water. (Stealth+)))
You have tentacles for arms and can constrict up to eight enemies at once.


Message History

As you open the door, it creaks loudly! 2 gnolls come into view.
The gnoll shouts!
A gnoll comes into view. It is wielding a +0 spear.
An orc comes into view. It is wielding a +0 club.
The gnoll hits you with a +0 flail!
The gnoll hits you from afar with a +0 spear.
The orc shouts!
There is an open door here.
You barely miss the gnoll. Your grab misses the gnoll.
Your squeeze misses the gnoll.
You hear a shout!
The gnoll hits you with a +0 flail.
The gnoll hits you from afar with a +0 spear.
The gnoll closely misses you.
You are too injured to fight recklessly!
You are too injured to fight recklessly!
You are too injured to fight recklessly!
You closely miss the gnoll. You grab the gnoll. You squeeze the gnoll!
The gnoll is heavily wounded.
You constrict the gnoll, but do no damage.
The gnoll closely misses you. x2
You bludgeon the gnoll!
You kill the gnoll!
The gnoll hits you with a +0 spear!
* * * LOW HITPOINT WARNING * * *
The gnoll hits you with a +0 spear!
* * * LOW HITPOINT WARNING * * *
There is an open door, spattered with blood here.
Things that are here:
6 gold pieces; a +0 flail You tentacle-slap the gnoll.
You grab the gnoll.
Your tentacle-slap misses the gnoll.
You squeeze the gnoll!
You kill the gnoll!
The gnoll closely misses you.
You bludgeon the orc!
You kill the orc!
The gnoll hits you with a +0 spear.
You die...
Your body crumbles into a pile of gold.

..#
##..#.....#....
#.# ..#
##.#.....#....
#.# ..#
#####'### ...
#.# #..'
#.....## .. +.#
##.....##
##.....##
##.....##
##.....#
###h###
......g$......#
..............#
###############


You could see a gnoll.

Vanquished Creatures
  A black bear (D:4)
  A sky beast (D:4)
  A hound (D:4)
  6 gnolls
  8 adders
  A worm (D:2)
  3 dart slugs
  5 orcs
  5 ball pythons
  12 endoplasms
  4 giant cockroaches
  12 goblins
  6 hobgoblins
  6 jackals
  10 kobolds
  3 quokkas
  8 bats
  3 frilled lizards
  4 rats
99 creatures vanquished.

Notes
Turn   | Place    | Note
-------+----------+-------------------------------------------
     0 | D:1      | MisterAzrael the Octopode Shapeshifter began the quest for
                  | the Orb.
     0 | D:1      | Reached XP level 1. HP: 13/13 MP: 1/1
   118 | D:1      | Reached XP level 2. HP: 8/18 MP: 2/2
   525 | D:1      | Reached skill level 4 in Unarmed Combat
   532 | D:1      | Reached XP level 3. HP: 21/23 MP: 3/3
   974 | D:2      | Found a faded altar of an unknown god.
   977 | D:2      | Prayed at the altar of an unknown god.
   977 | D:2      | Became a worshipper of Gozag Ym Sagoz the Greedy
  1086 | D:2      | Reached XP level 4. HP: 19/28 MP: 4/4
  1168 | D:2      | Reached skill level 5 in Unarmed Combat
  1423 | D:2      | Reached XP level 5. HP: 11/33 MP: 5/5
  2351 | D:3      | Found a shimmering altar of Xom.
  2572 | D:4      | Found a blossoming altar of Fedhas.
  2597 | D:4      | Reached skill level 6 in Unarmed Combat
  2597 | D:4      | Reached XP level 6. HP: 38/38 MP: 6/6
  2685 | D:4      | Noticed a sky beast
  2702 | D:4      | Killed a sky beast
  2709 | D:4      | Noticed a black bear
  2955 | D:4      | Killed a black bear
  2956 | D:4      | Reached XP level 7. HP: 9/43 MP: 7/7
  3138 | D:4      | Slain by a gnoll

Illustrated notes

Levels and vault maps discovered:
D:1:      saegor_arrival_fortress, layout_basic, minmay_tromino_v4_a
D:2:      layout_basic, nicolae_ecumenical_oubliette
D:3:      layout_loops_ring, xom_teletrap_fun, minmay_joined_circles
D:4:      layout_loops_cross, lemuel_crystal_altar, temple_green,
          minmay_quadrilaterals

Skill      XL: |  1  2  3  4  5  6 |
---------------+-------------------+-----
Unarmed Combat | 4 5 6 |  6.4
Shapeshifting  | 4 |  4.8
Fighting       | |  1.0
Dodging        | |  2.0

Action                     |  1- 3 |  4- 6 |  7- 9 || total
---------------------------+-------+-------+-------++-------
  Melee: Unarmed           |    61 |   114 |     7 ||   182
         Constrict         |    12 |    24 |     2 ||    38
         Tentacles         |     7 |    15 |     2 ||    24
         Punch             |     2 |     7 |       ||     9
 Invoke: Potion Petition   |       |     1 |       ||     1
    Use: Potion            |       |     3 |       ||     3
   Stab: Sleeping          |     4 |     6 |       ||    10
         Distracted        |       |       |     1 ||     1
 Armour: Skin              |    24 |    56 |     8 ||    88
  Dodge: Dodged            |    35 |    43 |     5 ||    83

Table legend: (Time is in decaauts)
 A = Elapsed time spent in this place.
 B = Non-inter-level travel time spent in this place.
 C = Inter-level travel time spent in this place.
 D = Time resting spent in this place.
 E = Time spent auto-exploring this place.
 F = Levels seen in this place.
 G = Mean time per level.
                   A        B        C        D        E       F      G
               +--------+--------+--------+--------+--------+-----+--------+
         Total |   3121 |   3086 |     35 |    616 |   1858 |   4 |  780.2 |
       Dungeon |   3121 |   3086 |     35 |    616 |   1858 |   4 |  780.2 |
               +--------+--------+--------+--------+--------+-----+--------+

Top non-repeatable levels by time:
     D:1: 1013 daAuts
     D:3: 776 daAuts
     D:2: 714 daAuts
     D:4: 616 daAuts
